cohdb
Replays
Latest Replays
All Replays
Popular Replays
Top Player Replays
Match Explorer
How It Works
Community
CoH3 Stats
Reddit
Sign in to upload your games and track your stats! →
Sign in with Steam
Match 42748103
Unlisted
Match 42748103
Overview
Messages
Build Orders
End
Scout Squad
Construct Barracks
Selects Armored Battlegroup
Selects Veteran Crews
Riflemen Squad
Riflemen Squad
Construct Medical Station
Selects Fast Deploy
Riflemen Squad
Grenade Package
Riflemen Squad
Infantry Support Center
Construct Weapon Support Center
Construct Weapon Support Center
Riflemen Squad
M3 Armored Personnel Carrier
M1918 Browning Automatic Rifles
M3 Armored Personnel Carrier
Selects Seek and Destroy
Selects UNKNOWN (2160077)
Selects UNKNOWN (2160077)
Riflemen Squad
Selects M31 Recovery Vehicle
hero of time
beeron11
0
0
Comments
sign in to comment!
No comments posted yet!